 Dungeon Crawl Stone Soup version 0.29.1-1-gd02db6906a (webtiles) character file.

Game seed: 4511429842914155401

953 MisterFreud the Twirler (level 8, 0/64 HPs)
             Began as a Formicid Gladiator on Oct 3, 2022.
             Splashed by a jelly's acid (10 damage)
             ... on level 6 of the Dungeon.
             The game lasted 00:06:20 (5051 turns).

MisterFreud the Twirler (Formicid Gladiator)        Turns: 5051, Time: 00:06:22

Health: 0/64       AC: -7    Str: 21    XL:     8   Next: 36%
Magic:  8/8        EV: 13    Int:  8    God:
Gold:   188        SH:  0    Dex: 21    Spells: 7/7 levels left

rFire   . . .      SeeInvis +   a - +1 quarterstaff
rCold   + . .      Faith    .   (no shield)
rNeg    . . .      Spirit   .   b - +1 leather armour
rPois   .          Reflect  .   (helmet unavailable)
rElec   .          Harm     .   (no cloak)
rCorr   .          Rampage  .   (no gloves)
Will    .....                   (no boots)
Stlth   ++........              k - amulet of the acrobat
HPRegen 0.20/turn               f - ring of protection from cold
MPRegen 0.11/turn               n - +6 ring of dexterity

@: corroded
A: permanent stasis, dig shafts and tunnels, antennae 3, four strong arms
a: Dig, Shaft Self


You were on level 6 of the Dungeon.
You visited 1 branch of the dungeon, and saw 7 of its levels.

You collected 188 gold pieces.

Inventory:

Hand Weapons
 a - a +1 quarterstaff (weapon)
 d - a +0 giant spiked club
 o - a +4 long sword
Missiles
 c - 3 throwing nets
 e - 2 poisoned darts (quivered)
 p - a javelin
Armour
 b - a +1 leather armour (worn)
Jewellery
 f - a ring of protection from cold (left hand)
 k - an amulet of the acrobat (around neck)
 m - a +6 ring of strength
 n - a +6 ring of dexterity (right hand)
Scrolls
 h - 2 scrolls of identify
Potions
 g - 3 potions of haste
 i - a potion of curing
 j - a potion of lignification
 l - a potion of magic


   Skills:
 - Level 6.0 Fighting
 - Level 6.0 Staves
 - Level 2.0 Throwing
 + Level 5.7 Armour
 - Level 2.6 Dodging


You had 7 spell levels left.
You didn't know any spells.
Your spell library contained the following spells:

 Spells                   Type           Power      Damage    Failure   Level
 Sandblast                Erth           0%         2d4       45%         1
 Passwall                 Tmut/Erth      0%         N/A       58%         2
 Dazzling Flash           Conj/Hex       0%         N/A       83%         3
 Stone Arrow              Conj/Erth      0%         3d7       83%         3
 Iskenderun's Mystic Bla  Conj/Tloc      0%         2d3       99%         4
 Starburst                Conj/Fire      0%         6d3       100%        6


Dungeon Overview and Level Annotations

Branches:
Dungeon (8/15)
 Temple: D:4-7         Lair: D:8-11

Altars:

Annotations:
D:3 Robin


Innate Abilities, Weirdness & Mutations

You cannot be hasted, slowed, berserked, paralysed or teleported.
You can dig through walls and to a lower floor.
You have a pair of large antennae on your head. (SInv)
Your four strong arms can wield two-handed weapons with a shield.


Message History

You start resting.
A scorpion is nearby!
You climb upwards.
The orc barely misses you. x2
There is a stone staircase leading down here.
You are too injured to fight recklessly!
You are too injured to fight recklessly!
You are too injured to fight recklessly!
You closely miss the orc. The orc hits you with a +0 falchion.
* * * LOW HITPOINT WARNING * * *
You hit the orc.
The orc is severely wounded.
The orc hits you with a +0 falchion.
* * * LOW HITPOINT WARNING * * *
You hit the orc.
You kill the orc!
You start resting.
A jelly is nearby!
The jelly quivers.
The jelly hits you. The acid corrodes you!
You are splashed with acid!
The jelly hits you.
You are splashed with acid!
You sock the jelly! The acid corrodes you!
Your hands burn!
The jelly is heavily wounded.
The jelly misses you.
You barely miss the jelly.
The jelly is heavily wounded.
The jelly completely misses you.
You hit the jelly.
Your hands burn!
The jelly is severely wounded.
The jelly closely misses you.
You hit the jelly but do no damage. The acid corrodes you!
Your hands burn!
The jelly is severely wounded.
The jelly hits you.
You are splashed with acid!
* * * LOW HITPOINT WARNING * * *
You hit the jelly.
Your hands burn!
* * * LOW HITPOINT WARNING * * *
The jelly is severely wounded.
The jelly hits you.
* * * LOW HITPOINT WARNING * * *
The acid corrodes you!
You are splashed with acid!
You die...

....................###.# #......
..####..........#..####.# #......
..# #..................#######.#
..# #######.....................#
..###.......####..#..............
............# #.)#....##########
#####.....[[####>.####.#.........
.........รท..)..# .#.########
##......[####@#####.# #
#.......#.[)J......#
#.....).#.###.##....
########......... .. #..........
#.......#... #...........
#.......#### .#..o.....


You could see a jelly.

Vanquished Creatures
  An orc warrior (D:6)
  An ogre (D:6)
  2 phantoms (D:6)
  A gnoll sergeant (D:6)
  3 wights (D:6)
  A howler monkey (D:6)
  A jelly (D:7)
  A gnoll bouda (D:6)
  An orc priest (D:6)
  4 orc wizards (D:6)
  9 gnolls
  An adder (D:6)
  A shadow imp (D:7)
  2 dart slugs (D:2)
  8 orcs
  3 bats
  3 endoplasms (D:1)
  6 giant cockroaches
  5 goblins
  2 hobgoblins (D:1)
  7 kobolds
  A quokka (D:1)
  6 ball pythons (D:1)
  2 frilled lizards
  4 rats
76 creatures vanquished.

Notes
Turn   | Place    | Note
-------+----------+-------------------------------------------
     0 | D:1      | MisterFreud the Formicid Gladiator began the quest for the
                  | Orb.
     0 | D:1      | Reached XP level 1. HP: 16/16 MP: 1/1
    24 | D:1      | Reached XP level 2. HP: 20/22 MP: 2/2
   666 | D:1      | Reached XP level 3. HP: 25/27 MP: 3/3
  1612 | D:2      | Reached XP level 4. HP: 28/33 MP: 4/4
  1976 | D:2      | Found a faded altar of an unknown god.
  2458 | D:3      | Reached skill level 5 in Staves
  2471 | D:3      | Noticed Robin
  2481 | D:3      | You fall into a shaft and drop 3 floors!
  2742 | D:6      | Reached XP level 5. HP: 38/38 MP: 5/5
  2753 | D:6      | Noticed an orc warrior
  3245 | D:6      | Reached XP level 6. HP: 37/47 MP: 6/6
  3482 | D:6      | Reached skill level 5 in Fighting
  3482 | D:6      | Reached XP level 7. HP: 7/54 MP: 7/7
  4046 | D:6      | Reached skill level 1 in Armour
  4281 | D:6      | HP: 1/58 [gnoll/+0 flail[a gnoll sergeant] (12)]
  4283 | D:6      | You fall into a shaft and drop 2 floors!
  4626 | D:6      | Reached XP level 8. HP: 39/64 MP: 8/8
  4780 | D:6      | Reached skill level 5 in Armour
  5051 | D:6      | Splashed by a jelly's acid

Illustrated notes

Levels and vault maps discovered:
D:1:      dpeg_arrival_radiant, layout_basic, minmay_pentomino_p2
D:2:      layout_rooms, hellmonk_ecumenical_altar_defaced_shrine,
          chequers_decorated_corner
D:3:      layout_basic, serial_shops, nicolae_shop_hallway_plus, uniq_robin,
          uniq_grinder, uniq_ijyb
D:4:      layout_gridville, minmay_temple_entry_arrows
D:6:      layout_basic
D:7:      cheibrodos_helix_gallery, layout_rooms, enter_bailey_2
D:8:      layout_basic, gammafunk_temple_overflow_claw

Skill      XL: |  1  2  3  4  5  6  7  8 |
---------------+-------------------------+-----
Staves         | 4 5 6 |  6.0
Fighting       | 3 5 6 |  6.0
Armour         | 4 5 |  5.7
Throwing       | |  2.0
Dodging        | |  2.6

Action                   |  1- 3 |  4- 6 |  7- 9 || total
-------------------------+-------+-------+-------++-------
Melee: Quarterstaff      |    79 |    90 |   108 ||   277
       Punch             |       |     2 |     1 ||     3
Throw: Dart              |     2 |       |     2 ||     4
       Throwing net      |     1 |       |       ||     1
       Javelin           |       |       |     1 ||     1
 Abil: Shaft Self        |       |     1 |     1 ||     2
  Use: Scroll            |     4 |     5 |       ||     9
 Stab: Sleeping          |     2 |     1 |       ||     3
Armor: Leather armour    |    17 |    24 |    14 ||    55
Dodge: Dodged            |    54 |    65 |    86 ||   205
